 Dungeon Crawl Stone Soup version 0.31-a0-1163-gcee99d1eea (webtiles) character file.

Game seed: 7574821122877404224

9 James the Ruffian (level 2, -4/18 HPs)
             Began as an Octopode Shapeshifter on Dec 9, 2023.
             Slain by Sigmund
             ... wielding a +0 scythe
              (6 damage)
             ... on level 2 of the Dungeon.
             The game lasted 00:01:19 (437 turns).

James the Ruffian (Octopode Shapeshifter)            Turns: 437, Time: 00:01:19

Health: -4/18      AC:  1    Str: 13    XL:     2   Next: 12%
Magic:  2/2        EV: 13    Int: 12    God:
Gold:   18         SH:  0    Dex: 11    Spells: 1/1 levels left

rFire   . .          .
                       - Unarmed
rCold   . . .        (no shield)
rNeg    . . .        (helmet currently unavailable)
rPois   .            f - amulet of reflection
rElec   .            (no ring)
rCorr   .            (no ring)
SInv    .            (no ring)
Will    .....        (no ring)
Stlth   ++           (no ring)
HPRegen 0.23/turn    (no ring)
MPRegen 0.08/turn    (no ring)
                     (no ring)

%: reflection
@: confused, beast-form
A: beast (slay +1), almost no armour, amphibious, 8 rings, camouflage 1,
gelatinous body 1, (nimble swimmer 1), tentacles
a: Begin Untransformation


You were on level 2 of the Dungeon.
You were a hulking beast.
You visited 1 branch of the dungeon, and saw 2 of its levels.

You collected 18 gold pieces.

Inventory:

Missiles
 d - 6 atropa-tipped darts
 n - 11 stones
Jewellery
 f - an amulet of reflection (around mantle)
   (You found it on level 1 of the Dungeon)
Talismans
 b - a beast talisman
 c - a flux talisman
Scrolls
 e - a scroll of revelation {unknown}
 g - a scroll of identify {unknown}
 j - a scroll of teleportation {unknown}
 k - a scroll of immolation {unknown}
 l - a scroll of acquirement {unknown}
 o - a scroll of brand weapon {unknown}
Potions
 a - a potion of lignification {!q}
 h - 2 potions of ambrosia {unknown}
 i - a potion of resistance {unknown}
 m - a potion of berserk rage {unknown}


   Skills:
 - Level 1.0 Fighting
 - Level 2.0 Dodging
 + Level 3.6 Unarmed Combat
 - Level 3.0 Shapeshifting


You had one spell level left.
You didn't know any spells.
Your spell library was empty.

Dungeon Overview and Level Annotations

Branches:
Dungeon (2/15)

Altars:

Annotations:
D:2 exclusion: gnoll, Natasha, Sigmund


Innate Abilities, Weirdness & Mutations

You are a hulking beast.
Your limbs bulge with bestial killing power. (Slay +1)
You cannot wear most types of armour.
You are amphibious.
You can wear up to eight rings at the same time.
Your skin changes colour to match your surroundings (Stealth+).
Your rubbery body absorbs attacks. (AC +1, EV +1)
((You are camouflaged when in or above water. (Stealth+)))
You have tentacles for arms and can constrict up to eight enemies at once.


Message History

Unknown command.
There is a stone staircase leading down here.
You open the door. 2 gnolls come into view.
There is an open door here.
Press: ? - help, . - travel You can't see that place. [the floor.] Unknown command.
Unknown command.
There is a stone staircase leading down here.
A hobgoblin comes into view.
The hobgoblin shouts!
You tentacle-slap the hobgoblin. Your grab misses the hobgoblin.
Your squeeze misses the hobgoblin. The hobgoblin hits you.
You barely miss the hobgoblin. Your grab misses the hobgoblin.
You squeeze the hobgoblin.
You kill the hobgoblin!
You have reached level 2!
You see here a hobgoblin corpse.
Found a stone staircase leading down.
There is a stone staircase leading down here.
Sigmund and a giant cockroach come into view.
Sigmund gestures wildly while chanting.
Sigmund flickers and vanishes!
Deactivating autopickup; reactivate with Ctrl-A.
There is a stone staircase leading down here.
The giant cockroach bites you but does no damage.
You tentacle-slap the giant cockroach. Your grab misses the giant cockroach.
You block the giant cockroach's attack.
You closely miss the giant cockroach. Your grab misses the giant cockroach.
Your squeeze misses the giant cockroach.
You block the giant cockroach's attack.
You bludgeon the giant cockroach!
You kill the giant cockroach!
You hear some strange, mumbled words.
You are confused.
You see here a giant cockroach corpse.
You bump into the rock wall.
Something hits you.
You bump into the rock wall.
Something hits you!
* * * LOW HITPOINT WARNING * * *
Unknown command.
You tentacle-slap something. Your squeeze misses something. Something hits you!
* * * LOW HITPOINT WARNING * * *
You're too confused to move!
Something hits you.
You die...

........#
#.####...
#...... #.#
#... #....#
#.# ##..
#....# #.#
### #....#
#.# # #.####
#.# # #.# #.#
#
#{#########.#
#.h†..>.....#
#############


There were no monsters in sight!

Vanquished Creatures
  3 ball pythons (D:1)
  A giant cockroach (D:2)
  A hobgoblin (D:2)
  A quokka (D:1)
  A bat (D:1)
  A rat (D:1)
8 creatures vanquished.

Notes
Turn   | Place    | Note
-------+----------+-------------------------------------------
     0 | D:1      | James the Octopode Shapeshifter began the quest for the
                  | Orb.
     0 | D:1      | Reached XP level 1. HP: 13/13 MP: 1/1
   182 | D:1      | You fall into a shaft and drop 1 floor!
   293 | D:2      | Noticed Natasha
   385 | D:2      | Reached XP level 2. HP: 16/18 MP: 2/2
   418 | D:2      | Noticed Sigmund
   437 | D:2      | Slain by Sigmund

Illustrated notes

Levels and vault maps discovered:
D:1:      sevenhm_arrival_forest_fort_large_2, layout_rooms, minmay_hexomino_c4
D:2:      layout_basic, ebering_ecumenical_altar_webs, uniq_jessica,
          uniq_natasha, uniq_sigmund, uniq_robin

Action                     || total
---------------------------++-------
  Melee: Unarmed           ||    15
         Constrict         ||     3
         Tentacles         ||     2
   Stab: Sleeping          ||     1
 Armour: Skin              ||     8
  Dodge: Dodged            ||     5
  Block: Other             ||     4

Table legend: (Time is in decaauts)
 A = Elapsed time spent in this place.
 B = Non-inter-level travel time spent in this place.
 C = Inter-level travel time spent in this place.
 D = Time resting spent in this place.
 E = Time spent auto-exploring this place.
 F = Levels seen in this place.
 G = Mean time per level.
                   A        B        C        D        E       F      G
               +--------+--------+--------+--------+--------+-----+--------+
         Total |    436 |    436 |      0 |      0 |    309 |   2 |  218.0 |
       Dungeon |    436 |    436 |      0 |      0 |    309 |   2 |  218.0 |
               +--------+--------+--------+--------+--------+-----+--------+

Top non-repeatable levels by time:
     D:2: 254 daAuts
     D:1: 181 daAuts
